Map: Ulrena

Players

Socrates - Winner!

  • Race: Terran Terran
  • League: Diamond

LilDicky

  • Race: Terran Terran
  • League: Diamond

VOD

http://www.twitch.tv/tumescentpie

Description

Time

  • Played on: Nov. 22, 2015, 7:54 p.m.
  • Length: 18:12
Show
View Real Time Build Order
Export as new Build Order

Socrates Terran - Winner!

Build Orders: Bio Tank, MMM Bio 

Get SALT Encoding   

  12  0:01  SCV  
  13  0:13  SCV  
  14  0:18  Supply Depot  
  14  0:25  SCV  
  15  0:38  Refinery  
  15  0:39  SCV  
  16  0:45  Barracks  
  16  0:51  SCV  
  17  1:03  SCV  
  18  1:13  Supply Depot  
  18  1:18  SCV  
  19  1:33  Orbital Command  
  19  1:42  Marine  
  19  1:46  Factory  
  20  1:57  Refinery  
  20  1:59  SCV  
  21  2:11  Barracks Tech Lab  
  21  2:12  SCV  
  22  2:22  Barracks  
  22  2:24  SCV  
  22  2:38  Siege Tank  
  22  2:39  SCV  
  22  2:41  Marine  
  27  2:46  Supply Depot  
  27  2:51  SCV  
  28  2:58  Marine  
  28  3:03  SCV  
  30  3:09  Supply Depot  
  30  3:10  Siege Tank  
  33  3:24  Command Center  
  33  3:27  SCV  
  34  3:48  Barracks Tech Lab  
  35  3:49  Barracks Tech Lab  
  35  3:54  SCV, Barracks, Supply Depot  
  35  3:57  Engineering Bay  
  35  4:07  SCV  
  35  4:09  Siege Tank  
  39  4:16  Stimpack  
  39  4:20  Marine x2  
  39  4:23  Concussive Shells  
  41  4:30  Missile Turret  
  41  4:50  Marine  
  41  4:51  Marauder  
  45  4:58  Orbital Command  
  45  4:59  SCV  
  46  5:02  Barracks Reactor  
  46  5:05  Supply Depot  
  45  5:10  Siege Tank  
  45  5:11  SCV  
  45  5:13  Marine  
  50  5:16  Combat Shields  
  50  5:23  Terran Infantry Weapons Level 1, SCV  
  51  5:29  Marine  
  51  5:30  Marine  
  51  5:31  SCV  
  51  5:35  SCV  
  55  5:40  Starport  
  55  5:47  Missile Turret  
  55  5:53  SCV  
  55  5:55  SCV  
  57  5:57  Marine  
  57  5:59  Marine  
  59  6:05  SCV  
  59  6:06  Marine x2  
  59  6:07  Missile Turret  
  59  6:10  Supply Depot  
  62  6:11  SCV  
  62  6:17  SCV  
  64  6:20  Siege Tank  
  64  6:24  Marine x3  
  70  6:26  Marine  
  70  6:27  SCV  
  70  6:29  Missile Turret  
  70  6:31  Starport Reactor  
  70  6:32  SCV  
  73  6:35  Refinery  
  73  6:43  SCV  
  73  6:44  SCV, Marine x3  
  73  6:45  Refinery  
  78  6:48  Marine  
  79  6:55  SCV  
  79  6:57  SCV  
  79  6:59  Armory  
  81  7:01  Marine  
  81  7:03  Engineering Bay  
  82  7:09  Medivac  
  82  7:10  Medivac  
  86  7:34  Marine  
  86  7:47  Supply Depot  
  86  7:48  Supply Depot  
  86  8:08  Marine x4  
  86  8:09  Medivac x2  
  86  8:10  Supply Depot  
  94  8:13  Barracks  
  94  8:14  Supply Depot  
  94  8:15  Barracks  
  92  8:26  Marine  
  88  8:27  Marauder  
  88  8:30  Marine x2  
  90  8:39  Medivac x2  
  94  8:44  Marine  
  91  8:48  Marauder  
  81  8:56  Marine x2  
  81  9:01  SCV x2  
  81  9:02  Marine  
  86  9:05  Terran Infantry Weapons Level 2  
  86  9:06  Terran Infantry Armor Level 1  
  87  9:10  Marauder  
  87  9:13  SCV  
  87  9:15  Marauder  
  90  9:17  Barracks Reactor x2  
  77  9:51  Marine x3  
  77  9:52  Marauder  
  80  9:55  Marine x3  
  80  9:58  Marine  
  84  10:00  SCV  
  84  10:01  SCV  
  86  10:09  Widow Mine, Marine x2  
  86  10:10  Marauder  
  86  10:13  SCV x2, Marauder, Marine x2  
  98  10:19  Marine x2  
  98  10:20  Medivac  
  102  10:59  Marine x2  
  102  11:10  SCV x2, Medivac x2, Marine x2  
  102  11:11  Marauder x2, Marine x2  
  116  11:14  Supply Depot  
  116  11:15  Supply Depot  
  116  11:17  Marine x2  
  118  11:24  Command Center  
  118  11:35  Marine x5  
  118  11:36  Siege Tank, Marine  
  118  11:37  Marauder x2  
  130  11:40  Medivac x2  
  133  11:48  SCV  
  134  12:01  Supply Depot x2, Marauder, SCV, Marine x5  
  142  12:02  Terran Infantry Armor Level 2  
  142  12:19  Marine x2  
  142  12:20  SCV  
  142  12:22  Marine x4  
  142  12:23  SCV, Siege Tank  
  150  12:32  Marine x2  
  150  12:33  SCV  
  150  12:35  SCV  
  154  12:37  Marine  
  154  12:41  Marauder  
  151  12:54  Marine x4  
  151  12:55  Siege Tank, Marauder  
  148  13:28  Supply Depot x2  
  148  13:31  Supply Depot  
  146  14:04  Barracks Reactor  
  145  14:19  Supply Depot  
  145  14:21  Supply Depot  
  98  15:23  Orbital Command  
  98  15:39  Supply Depot  
  98  15:40  Supply Depot  
  98  15:42  Supply Depot  
  98  16:01  Marauder  
  98  16:02  Barracks Reactor, Marine x4  
  106  16:04  Barracks Reactor  
  104  16:19  Marine x4  
  104  16:22  Marauder  
  110  16:37  Marine x4  
  114  16:44  Marauder  
  116  16:57  Marine  
  116  17:00  Supply Depot x2, Marine  
  117  17:01  Marine x4  
  117  17:05  Marauder  
  116  17:09  Missile Turret x2  
  116  17:12  Marine x2  
  116  17:14  Marine  
  117  17:18  Marine  
  117  17:19  Marine  
  118  17:22  Marine  
  118  17:23  Marine x2  
  118  17:26  SCV x3  
  118  17:27  Marauder  
  118  17:30  Marine x2  
  118  17:32  Marine  
  116  17:38  SCV x3  
  116  17:45  Missile Turret  
  116  17:50  SCV x2  
  115  17:59  Missile Turret  
Show
View Real Time Build Order
Export as new Build Order

LilDicky Terran 

Build Orders: MMM Bio 

Get SALT Encoding   

  12  0:01  SCV  
  13  0:13  SCV  
  14  0:18  Supply Depot  
  14  0:26  SCV  
  15  0:39  SCV  
  16  0:48  Barracks  
  16  0:53  SCV  
  17  1:05  SCV  
  18  1:17  SCV  
  19  1:22  Barracks  
  19  1:24  Barracks  
  19  1:29  SCV  
  20  1:37  Supply Depot  
  20  1:43  Barracks  
  20  1:44  Barracks  
  20  1:48  Marine  
  20  1:50  SCV  
  22  2:02  Orbital Command  
  22  2:07  Marine  
  23  2:13  Marine  
  24  2:31  Marine  
  24  2:32  Marine x3  
  24  2:33  Marine  
  24  2:36  SCV  
  30  2:41  Supply Depot  
  30  2:53  Marine  
  31  3:02  Marine x4  
  35  3:10  Marine  
  37  3:12  SCV  
  37  3:20  Marine x2  
  39  3:30  Marine  
  39  3:31  Marine  
  39  3:32  Marine  
  37  3:34  Command Center  
  37  3:38  Marine  
  37  3:39  Marine  
  31  3:42  SCV  
  31  3:46  Refinery  
  31  3:47  Refinery  
  31  3:48  Marine  
  33  3:54  SCV  
  34  3:59  Marine  
  34  4:00  Marine x2  
  37  4:04  Marine  
  37  4:06  SCV  
  39  4:24  Supply Depot  
  39  4:27  Engineering Bay  
  39  4:39  Supply Depot  
  39  4:46  SCV, Marine x3  
  39  4:50  Orbital Command  
  45  4:57  Barracks Tech Lab  
  45  4:58  Barracks Tech Lab  
  43  5:04  Barracks Reactor  
  43  5:05  Barracks Reactor, Factory  
  43  5:13  SCV  
  44  5:15  Supply Depot  
  44  5:19  SCV  
  45  5:25  SCV  
  46  5:30  Marine  
  46  5:31  SCV, Marine  
  48  5:36  Stimpack  
  48  5:40  Combat Shields  
  48  5:44  SCV  
  48  5:47  SCV, Refinery  
  50  5:52  Factory Reactor  
  50  5:53  Marine  
  50  5:55  Marine  
  50  5:56  SCV  
  53  5:59  SCV  
  54  6:07  Missile Turret  
  54  6:11  Starport  
  54  6:12  Marine x2  
  54  6:14  Marine  
  54  6:17  Marauder  
  59  6:30  Marine x2  
  62  6:33  SCV  
  62  6:36  Terran Infantry Weapons Level 1, Marine  
  62  6:37  Marine x2  
  62  6:39  Barracks Reactor  
  65  6:40  SCV  
  65  6:45  SCV, Marine  
  68  6:49  Marine  
  68  6:50  Marine  
  68  6:52  SCV  
  73  6:58  SCV  
  74  7:02  Medivac x2  
  74  7:04  SCV, Marine  
  78  7:09  Supply Depot  
  78  7:13  Supply Depot  
  78  7:30  SCV x2, Marine x3  
  78  7:31  Marauder  
  83  7:49  Marine  
  83  7:50  Marauder  
  86  8:14  Marauder x2, Medivac x2  
  86  8:15  Supply Depot  
  86  8:16  Supply Depot  
  86  8:19  Marine  
  94  8:20  Marine  
  94  8:23  Marine  
  94  8:24  Marine  
  87  8:33  Marine x2  
  87  8:36  Marauder x2  
  87  8:37  Marine  
  91  8:57  Marauder x2  
  91  9:02  Marine  
  96  9:03  Marine x5  
  96  9:06  Widow Mine  
  102  9:18  Marine x2  
  102  9:20  Marine x2  
  102  9:24  Marine  
  94  9:34  Marine  
  94  9:35  Marine x2  
  94  9:36  Marauder x2  
  101  9:44  Marine  
  101  9:45  Marine  
  103  9:50  Marine  
  103  9:52  Marine  
  104  9:53  Marine  
  104  9:58  Marauder x2  
  110  10:06  Marine x2  
  107  10:08  Widow Mine  
  109  10:16  Command Center, Marine  
  109  10:21  Terran Infantry Armor Level 1  
  110  10:30  Engineering Bay, Marauder  
  110  10:57  Marauder, Marine  
  107  11:09  Marine  
  107  11:10  Marine  
  109  11:15  Medivac x2  
  109  11:16  Marine x2, Marauder  
  109  11:17  Supply Depot  
  109  11:18  Supply Depot  
  117  11:27  Factory Tech Lab  
  117  11:28  Marauder  
  103  11:37  Marauder, Marine  
  103  11:38  Marine  
  98  11:43  Marine  
  98  11:45  Medivac x2, Marine x2  
  105  11:49  Marauder  
  106  11:58  Planetary Fortress  
  106  11:59  Marauder  
  108  12:06  Supply Depot, Marine x2, SCV  
  111  12:09  Marine x2  
  111  12:11  Marauder  
  115  12:38  Marauder, Marine  
  118  12:46  Marine  
  118  12:47  Marauder  
  112  12:56  Siege Tank  
  108  13:00  Marauder  
  78  13:08  Marine  
  78  13:09  Marine  
  78  13:10  Marauder  
  51  13:21  Marauder  
  53  13:35  Starport x2  
  45  14:00  Orbital Command  
  45  14:03  Siege Tank  
  48  14:24  Starport Tech Lab x2  
  48  14:30  Marine  
  48  14:31  Marine  
  34  14:56  Banshee x2  
  34  14:57  Cloaking Field  
  38  15:10  Supply Depot  
  36  15:16  Marine x3  
  36  15:17  Supply Depot  
  40  15:21  SCV  
  34  15:38  SCV  
  34  15:41  Banshee x2  
  31  16:18  Command Center  
Tags
 
Add a new tag
Caveats
  • Supply blocks, unpowered buildings, or Contaminate may cause inaccurate times.
  • Supply counts are checked every 10 seconds.